Unix NetHack Version 5.0.0-0 post-release - last build May 23 2026 06:08:33 (1c0ff79ee797540d5714e4e18072db0edd9e58ae,branch:main).

Game began 2026-05-27 00:01:07, ended 2026-05-27 00:23:00.

Jobair, neutral female human Tourist

     #         ------------    -------                                -------
 ----.--       |..........|   #......|                                |.....|
 |.....|      #-..........|   #|...<..#                               |.....|
 |.....|      #|..........|   #-.....|#                               |.....|
 |.....|      #|...........#  #-.-----#                              #-.....|
 --|----      #------------#  ######0 #                              #|.....|
   ###        #            #  ##     ##                             ##----.--
     #        #            #   #     ###               -------- #####     #
     ###     ##            #   ##    # ###             |......| #         #
       ####  #             #   ##  ###   #             |......| #         #
     -----|--#            ##   ##  #-----|---------    |......| #         #
     |......|#            #-----#  #|.............|    |......| #         #
     |......|#            #.....#  #|.............|    |.......##       --|---
     |......|#             |...|#  #|.............|   #.......|         |....|
     |......|#             |....#  #|............>|   #--------         |@...|
     |..{....#             -----   #...............####                 |m.
     |......|                       ---------------
     --------

Jobair the Sightseer        St:14 Dx:11 Co:15 In:12 Wi:6 Ch:18  Neutral
Dlvl:4  $:566 HP:0(31) Pw:14(14) AC:9  Xp:4 T:2009 

Latest messages:
 The rock piercer is killed!
 You see here a rock piercer corpse.
 There is a rock piercer corpse here; eat it? [ynq] (n) y
 This rock piercer corpse is tough.
 You finish eating the rock piercer corpse.
 You swap places with Godzilla.
 You swap places with Godzilla.
 In what direction? 8
 You kill the red mold!
 There is a red mold corpse here; eat it? [ynq] (n) y
 This red mold corpse tastes okay.
 You finish eating the red mold corpse.
 a - a +2 dart (at the ready) (24 in total).
 You stop.  Godzilla is in the way!
 You swap places with Godzilla.
 The door resists!
 The door resists!
 The door resists!
 The door opens.
 You see here 7 gold pieces.
 $ - 7 gold pieces (566 in total).
 You swap places with Godzilla.
 You find a hidden door.
 The door resists!
 The door resists!
 The door opens.
 That chest is a small mimic!
 You miss the small mimic.
 The small mimic hits!
 You stop.  Godzilla is in the way!
 The small mimic hits!
 You hear some noises in the distance.
 You hear some noises.
 You hear some noises in the distance.
 That chest is a large mimic!
 You hear some noises.
 You cannot escape from the large mimic!
 You cannot escape from the large mimic!
 The large mimic hits!
 You cannot escape from the large mimic!
 You cannot escape from the large mimic!
 The large mimic hits!
 You cannot escape from the large mimic!
 The large mimic hits!
 You die...
 Do you want your possessions identified? [ynq] (y) y
 Do you want to see your attributes? [ynq] (y) y
 Do you want an account of creatures vanquished? [ynaq] (y) y
 Do you want to see your conduct and achievements? [ynq] (y) y
 Do you want to see the dungeon overview? [ynq] (y) y

Inventory:
 Coins    ('$')
  $ - 566 gold pieces
 Weapons  (')')
  a - 24 +2 darts (at the ready)
  r - a +0 orcish dagger
 Armor    ('[')
  u - an uncursed +0 pair of water walking boots (being worn)
 Comestibles  ('%')
  c - 2 uncursed bananas
  d - 3 uncursed food rations
  e - 3 uncursed fortune cookies
  i - an uncursed tripe ration
 Scrolls  ('?')
  F - an uncursed scroll of enchant armor
  k - 4 uncursed scrolls of magic mapping
 Potions  ('!')
  j - 3 uncursed potions of extra healing
 Wands    ('/')
  E - a wand of slow monster (0:3)
 Tools    ('(')
  n - an uncursed credit card
  m - an expensive camera (0:95)
  C - a +0 pick-axe (weapon in right hand)
 Gems/Stones  ('*')
  G - 2 uncursed amethyst stones

Jobair the Tourist's attributes:

Background:
 You were a Sightseer, a level 4 female human Tourist.
 You were neutral, on a mission for The Lady
 who was opposed by Blind Io (lawful) and Offler (chaotic).
 You were right-handed.
 You were in the Dungeons of Doom, on level 4.
 You entered the dungeon 2009 turns ago.
 It was the midnight hour.
 You had 109 experience points, 51 more were needed to attain level 5.

Basics:
 You had 0 out of 31 hit points.
 You had all 14 energy points (spell power).
 Your armor class was 9.
 Your wallet contained 566 zorkmids.
 Autopickup was off.

Final Characteristics:
 Your strength was 14 (limit:18/100).
 Your dexterity was 11 (limit:18).
 Your constitution was 15 (limit:18).
 Your intelligence was 12 (limit:18).
 Your wisdom was 6 (limit:18).
 Your charisma was 18 (limit:18).

Final Status:
 You were held by a large mimic (south).
 You weren't hungry.
 You were unencumbered.
 You were wielding a pick-axe.
 You were unskilled in pick-axe and could have enhanced that.

Final Attributes:
 You were devoutly aligned.
 You could walk on water.
 You are dead.

Miscellaneous:
 You didn't encounter any bones levels.
 Total elapsed playing time was 21 minutes and 11 seconds.

Major events:
 Turn
    1: Jobair the neutral female human Tourist entered the dungeon
 1037: attained the rank of Sightseer (level 3)
 1640: entered the Gnomish Mines
 2009: killed by a large mimic

You didn't know any spells.

Skills:
 Fighting Skills
   bare handed combat [Unskilled]
   two weapon combat  [Unskilled]
   riding             [Unskilled]
 Weapon Skills
   dagger             [Unskilled]
   knife              [Unskilled]
   axe                [Unskilled]
   pick-axe           [Unskilled]
   short sword        [Unskilled]
   broadsword         [Unskilled]
   long sword         [Unskilled]
   two-handed sword   [Unskilled]
   saber              [Unskilled]
   mace               [Unskilled]
   morning star       [Unskilled]
   flail              [Unskilled]
   hammer             [Unskilled]
   quarterstaff       [Unskilled]
   polearms           [Unskilled]
   spear              [Unskilled]
   trident            [Unskilled]
   lance              [Unskilled]
   bow                [Unskilled]
   sling              [Unskilled]
   crossbow           [Unskilled]
   dart               [Basic]
   shuriken           [Unskilled]
   boomerang          [Unskilled]
   whip               [Unskilled]
   unicorn horn       [Unskilled]
 Spellcasting Skills
   divination spells  [Unskilled]
   enchantment spells [Unskilled]
   escape spells      [Unskilled]

Voluntary challenges:
 Character rerolling was not enabled.
 You never genocided any monsters.
 You never polymorphed an object.
 You never changed form.
 You used no wishes.
Achievements:
 You entered a shop.
 You attained the rank of Sightseer.
 You entered the Gnomish Mines.

 The Dungeons of Doom: levels 1 to 4
    Level 1:
       An altar to The Lady.
    Level 2:
       A general store.
    Level 3:
       A sink.
       Stairs down to The Gnomish Mines.
    Level 4: <- You were here.
       A fountain.
       Final resting place for
          you, killed by a large mimic.
 The Gnomish Mines:
    Level 4:


Vanquished creatures:
  a rock piercer
  a rothe
  a giant bat
  2 iguanas
  a hobbit
  3 manes
  3 giant rats
  a green mold
  a red mold
  a gecko
  3 jackals
  3 foxes
  3 kobolds
  a goblin
  a sewer rat
  2 grid bugs
  3 lichens
  4 newts
35 creatures vanquished.

No species were genocided or became extinct.

Game over:
                       ----------
                      /          \
                     /    REST    \
                    /      IN      \
                   /     PEACE      \
                  /                  \
                  |      Jobair      |
                  |      566 Au      |
                  |   killed by a    |
                  |   large mimic    |
                  |                  |
                  |                  |
                  |       2026       |
                 *|     *  *  *      | *
        _________)/\\_//(\/(/\)/\//\/|_)_______

Aloha Jobair the Tourist...

You died in The Dungeons of Doom on dungeon level 4 with 639 points,
and 566 pieces of gold, after 2009 moves.
You were level 4 with a maximum of 31 hit points when you died.

